General information
- name: BNet
- type: Ladder team game (AT/RT)
- host: Battle.net
- saver: iggy_the_fisk
map: TwistedMeadows
- players: 4
- length: 17:36
- speed: Fast
- version: 1.21 W3XP
- replay type:

» download(127 KB)
Players
team 1 (loser)

»
g3.joke (
pink | 158 APM | 2764 actions | 17:32)
4 Archmage
2 Summon Water Elemental
2 Brilliance Aura
2 Mountain King
1 Storm Bolt
1 Thunder Clap
» actions
| Assign group hotkey | 48 | |
| Basic commands | 5 | |
| Build / train | 101 | |
| Enter build submenu | 21 | |
| Enter hero's abilities submenu | 6 | |
| Remove unit from queue | 2 | |
| Right click | 1205 | |
| Select / deselect | 325 | |
| Select group hotkey | 938 | |
| Use ability | 113 | |
2764 total
» units
| Peasant | 18 | |
| Footman | 24 | |
| Priest | 6 | |
| Sorceress | 5 | |
| Spell Breaker | 10 | |
63 total
» upgrades
» buildings
| Altar of Kings | 1 | |
| Barracks | 1 | |
| Farm | 9 | |
| Keep | 2 | |
| Scout Tower | 1 | |
| Lumber Mill | 1 | |
| Arcane Tower | 2 | |
| Arcane Vault | 2 | |
| Arcane Sanctum | 4 | |
23 total
» build order
00:05 Altar of Kings
00:20 Barracks
00:34 Farm
00:49 Farm
03:15 Keep
03:16 Keep
03:17 Farm
03:20 Scout Tower
03:24 Lumber Mill
03:53 Arcane Tower
05:11 Arcane Vault
05:30 Farm
05:35 Farm
06:18 Arcane Sanctum
07:06 Arcane Sanctum
11:20 Arcane Sanctum
11:24 Arcane Vault
11:35 Arcane Sanctum
11:53 Farm
15:27 Farm
15:30 Farm
16:21 Farm
» items
| Boots of Speed | 5 | |
| Scroll of Regeneration | 1 | |
| Lesser Clarity Potion | 4 | |
| Scroll of Town Portal | 1 | |
| Scroll of Healing | 1 | |
| Scroll of Protection | 1 | |
13 total
g3.QuicK (
orange | 156 APM | 2739 actions | 17:34)
4 Far Seer
2 Feral Spirit
2 Chain Lighting
2 Tauren Chieftain
1 Shockwave
1 Endurance Aura
» actions
| Assign group hotkey | 87 | |
| Basic commands | 329 | |
| Build / train | 67 | |
| ESC pressed | 1 | |
| Enter build submenu | 11 | |
| Enter hero's abilities submenu | 7 | |
| Give item / drop item | 1 | |
| Right click | 673 | |
| Select / deselect | 567 | |
| Select group hotkey | 816 | |
| Use ability | 180 | |
2739 total
» units
| Peon | 9 | |
| Grunt | 11 | |
| Raider | 16 | |
| Spirit Walker | 5 | |
41 total
» upgrades
| Berserker Strength | 1 | |
| Ensnare | 1 | |
| Spirit Walker Training | 1 | |
| Melee Weapons | 1 | |
4 total
» buildings
| Altar of Storms | 1 | |
| Orc Burrow | 5 | |
| Barracks | 1 | |
| Voodoo Lounge | 1 | |
| Stronghold | 3 | |
| Beastiary | 1 | |
| Spirit Lodge | 1 | |
| War Mill | 1 | |
14 total
» build order
00:05 Altar of Storms
00:20 Orc Burrow
00:36 Barracks
01:33 Orc Burrow
02:00 Voodoo Lounge
02:50 Stronghold
02:50 Stronghold
02:51 Stronghold
04:11 Orc Burrow
05:27 Beastiary
05:30 Spirit Lodge
06:28 Orc Burrow
11:22 Orc Burrow
11:24 War Mill
» items
| Healing Salve | 2 | |
| Lesser Clarity Potion | 2 | |
| Scroll of Town Portal | 1 | |
| Scroll of Healing | 2 | |
| Potion of Lesser Invulnerability | 1 | |
8 total
team 2 (winner)

»
iggy_the_fisk (
teal | 104 APM | 1824 actions | 17:36)
4 Blademaster
2 Wind Walk
2 Critical Strike
4 Shadow Hunter
2 Hex
2 Healing Wave
» actions
| Assign group hotkey | 120 | |
| Basic commands | 20 | |
| Build / train | 78 | |
| Enter build submenu | 12 | |
| Enter hero's abilities submenu | 8 | |
| Give item / drop item | 1 | |
| Remove unit from queue | 2 | |
| Right click | 976 | |
| Select / deselect | 315 | |
| Select group hotkey | 195 | |
| Use ability | 97 | |
1824 total
» units
| Peon | 8 | |
| Grunt | 12 | |
| Raider | 8 | |
| Spirit Walker | 4 | |
| Tauren | 3 | |
35 total
» upgrades
| Berserker Strength | 1 | |
| Melee Weapons | 1 | |
| Pillage | 1 | |
| Ensnare | 1 | |
| Spirit Walker Training | 2 | |
| Pulverize | 1 | |
7 total
» buildings
| Altar of Storms | 1 | |
| Orc Burrow | 4 | |
| Barracks | 1 | |
| Voodoo Lounge | 1 | |
| Stronghold | 1 | |
| Beastiary | 1 | |
| War Mill | 1 | |
| Spirit Lodge | 1 | |
| Fortress | 3 | |
| Tauren Totem | 1 | |
15 total
» build order
00:07 Altar of Storms
00:19 Orc Burrow
00:34 Barracks
01:28 Orc Burrow
02:21 Voodoo Lounge
03:34 Stronghold
05:37 Orc Burrow
06:10 Beastiary
06:45 War Mill
09:21 Spirit Lodge
09:24 Orc Burrow
10:13 Fortress
10:13 Fortress
12:42 Tauren Totem
» items
| Healing Salve | 4 | |
| Scroll of Regeneration | 2 | |
| Potion of Healing | 3 | |
| Scroll of Town Portal | 1 | |
| Orb of Lightning | 1 | |
| Lesser Clarity Potion | 1 | |
12 total

»
timg4strok (
yellow | 130 APM | 2290 actions | 17:35)
6 Archmage
2 Summon Water Elemental
3 Brilliance Aura
1 Mass Teleport
4 Mountain King
2 Storm Bolt
2 Bash
» actions
| Assign group hotkey | 28 | |
| Basic commands | 155 | |
| Build / train | 59 | |
| ESC pressed | 1 | |
| Enter build submenu | 20 | |
| Enter hero's abilities submenu | 10 | |
| Give item / drop item | 1 | |
| Right click | 947 | |
| Select / deselect | 326 | |
| Select group hotkey | 658 | |
| Use ability | 85 | |
2290 total
» units
| Peasant | 12 | |
| Footman | 7 | |
| Sorceress | 3 | |
| Priest | 3 | |
| Spell Breaker | 5 | |
30 total
» upgrades
| Sorceress Training | 1 | |
| Priest Training | 2 | |
| Control Magic | 1 | |
4 total
» buildings
| Altar of Kings | 1 | |
| Barracks | 1 | |
| Farm | 7 | |
| Scout Tower | 5 | |
| Arcane Tower | 1 | |
| Keep | 1 | |
| Arcane Vault | 1 | |
| Arcane Sanctum | 2 | |
| Lumber Mill | 1 | |
| Castle | 1 | |
| Guard Tower | 3 | |
| Town Hall | 1 | |
| Blacksmith | 1 | |
26 total
» build order
00:03 Altar of Kings
00:09 Barracks
00:30 Farm
00:49 Farm
01:23 Farm
02:14 Scout Tower
02:44 Arcane Tower
03:38 Keep
03:42 Arcane Vault
03:58 Farm
04:35 Farm
05:28 Farm
05:30 Farm
06:06 Arcane Sanctum
06:07 Arcane Sanctum
06:36 Lumber Mill
09:19 Castle
09:37 Scout Tower
11:22 Guard Tower
12:27 Town Hall
12:53 Blacksmith
14:39 Scout Tower
14:39 Scout Tower
15:22 Guard Tower
15:35 Guard Tower
16:29 Scout Tower
» items
| Scroll of Town Portal | 3 | |
| Scroll of Regeneration | 1 | |
| Potion of Healing | 2 | |
6 total
Chat log
(17:31 / All) timg4strok: gg